Map: Acropolis LE

Players

lIxXxIl

  • Race: Terran Terran
  • League: Diamond
  • Spawn Location: 11:00

Mez - Winner!

  • Race: Terran Terran
  • League: Master
  • Spawn Location: 5:00

VOD

Have the link to the VOD?

Description

Time

  • Played on: Aug. 31, 2019, 4:47 p.m.
  • Length: 7:39
Show
View Real Time Build Order
Export as new Build Order

lIxXxIl Terran 

Build Orders: 1/1/1, Banshee Rush 

Get SALT Encoding   

  12  0:01  SCV  
  13  0:13  SCV  
  14  0:17  Supply Depot  
  14  0:25  SCV  
  15  0:32  Refinery  
  15  0:39  SCV  
  16  0:44  Barracks  
  16  0:51  SCV  
  17  1:03  SCV  
  18  1:04  Refinery  
  18  1:15  SCV  
  19  1:31  Orbital Command  
  19  1:37  Factory  
  19  1:41  Reaper  
  20  1:56  SCV  
  20  2:00  Supply Depot  
  21  2:08  SCV  
  21  2:14  Reaper  
  23  2:24  Starport  
  23  2:27  Hellion  
  23  2:29  SCV  
  24  2:46  Reaper  
  25  2:52  Hellion  
  25  2:55  Command Center  
  27  3:00  Starport Tech Lab  
  27  3:09  SCV  
  25  3:29  Banshee  
  25  3:30  Cloaking Field  
  25  3:31  SCV  
  29  3:43  SCV  
  30  3:54  Factory Tech Lab  
  27  4:04  Marine  
  27  4:07  Orbital Command  
  27  4:09  Bunker  
  28  4:12  Siege Tank  
  28  4:14  SCV  
  28  4:15  Banshee  
  35  4:26  SCV  
  35  4:27  Marine  
  37  4:33  SCV  
  37  4:38  SCV  
  16  5:10  SCV x2  
  16  5:22  SCV  
  16  5:28  Banshee  
  20  5:34  Barracks, SCV x2  
  20  5:35  Barracks Tech Lab  
  19  5:46  SCV x2  
  21  5:50  Siege Tank  
  24  5:58  SCV x2  
  26  6:04  Marine  
  26  6:10  SCV, Raven  
  30  6:15  SCV  
  31  6:22  SCV  
  32  6:31  Barracks Reactor  
  32  6:35  Marine  
  30  6:42  Command Center, Barracks  
  27  6:49  SCV x2  
  27  6:53  Marine  
  30  7:01  SCV  
  31  7:08  SCV  
  32  7:11  Marine  
  32  7:13  SCV  
  32  7:14  Marine  
  32  7:15  Marine  
  36  7:20  SCV  
  37  7:25  SCV  
Show
View Real Time Build Order
Export as new Build Order

Mez Terran - Winner!

Build Orders: Gas First Reaper Expand, Hellion Opening 

Get SALT Encoding   

  12  0:01  SCV  
  13  0:13  SCV  
  14  0:17  Supply Depot  
  14  0:25  SCV  
  15  0:28  Refinery  
  15  0:39  SCV  
  16  0:47  Barracks  
  16  0:51  SCV  
  17  1:03  SCV  
  18  1:15  SCV  
  19  1:35  Orbital Command, Reaper  
  20  1:45  Command Center  
  20  1:53  Factory  
  20  2:01  SCV  
  21  2:04  Supply Depot  
  21  2:09  Barracks Reactor  
  21  2:14  Refinery  
  21  2:15  SCV  
  22  2:27  SCV  
  23  2:44  SCV  
  24  2:52  Starport  
  24  2:56  Hellion  
  24  2:57  Hellion  
  28  2:58  Barracks Tech Lab  
  28  3:01  Orbital Command  
  28  3:02  SCV  
  28  3:14  SCV  
  27  3:30  Marauder, Hellion x2, Concussive Shells  
  27  3:31  Medivac  
  27  3:33  SCV  
  37  3:34  SCV  
  37  3:48  SCV x2  
  38  3:51  Hellion x2  
  41  4:00  SCV x2  
  44  4:03  Marauder  
  44  4:04  Viking  
  46  4:24  Supply Depot  
  46  4:46  SCV x2, Viking  
  50  4:58  SCV x2  
  50  5:05  Marine x2, Siege Tank  
  53  5:10  SCV x2  
  50  5:21  Starport Tech Lab  
  43  5:22  SCV x2  
  43  5:23  Marine x2  
  43  5:27  Engineering Bay  
  46  5:34  SCV x2  
  48  5:37  Cyclone  
  48  5:41  Marine  
  49  5:46  SCV x2  
  51  5:51  Raven  
  51  5:52  Marine  
  51  5:56  Missile Turret  
  54  5:57  Command Center, Missile Turret  
  54  6:00  Barracks  
  54  6:01  Barracks  
  54  6:10  Refinery  
  54  6:12  Refinery  
  54  6:13  Supply Depot  
  54  6:18  Marine, SCV x2  
  56  6:30  SCV  
  56  6:31  Supply Depot  
  56  6:32  Marine  
  58  6:47  SCV x2  
  58  6:52  Barracks Reactor  
  58  6:53  Barracks Reactor  
  61  6:59  SCV  
  61  7:00  SCV  
  61  7:03  Supply Depot x2  
  61  7:07  Marine  
  62  7:11  SCV  
Tags
 
Add a new tag
Caveats
  • Supply blocks, unpowered buildings, or Contaminate may cause inaccurate times.
  • Supply counts are checked every 10 seconds.